cohdb
Replays
Latest Replays
All Replays
Popular Replays
Top Player Replays
Match Explorer
How It Works
Community
CoH3 Stats
Reddit
Sign in to upload your games and track your stats! →
Sign in with Steam
Match 41810185
Unlisted
Match 41810185
Overview
Messages
Build Orders
End
Construct Infanterie Kompanie
Pioneer Squad
MG 42 Machine Gun Team
Selects Terror Battlegroup
Selects Machine Gun Camouflage
MG 42 Machine Gun Team
MG 42 Machine Gun Team
Construct Luftwaffe Kompanie
221 Scout Car
Jäger Squad
Jäger Squad
Support Elements
Wirbelwind Flakpanzer
Jäger Squad
Wirbelwind Flakpanzer
Side Skirts
Jäger Squad
Luftwaffe Officer Quarters
Selects Defend the Fatherland
カルト_くん
Itaca
Novacaine
applejuice
0
0
Comments
sign in to comment!
No comments posted yet!